 Dungeon Crawl Stone Soup version 0.18.1-5-g4a78601 (webtiles) character file.

64 mopl the Sneak (level 3, 4/21 HPs)
             Began as a High Elf Enchanter on May 11, 2016.
             Quit the game on level 2 of the Dungeon.
             The game lasted 00:02:52 (1266 turns).

mopl the Sneak (High Elf Enchanter)                 Turns: 1266, Time: 00:02:53

Health: 4/21       AC:  3    Str:  7    XL:     3   Next: 91%
Magic:  0/8        EV: 13    Int: 18    God:
Gold:   67         SH:  0    Dex: 17    Spells: 3 memorised, 2 levels left

rFire  . . .     SeeInvis .     a - +1 dagger
rCold  . . .     Gourm    .     b - +1 robe
rNeg   . . .     Faith    .     (no shield)
rPois  .         Spirit   .     (no helmet)
rElec  .         Dismiss  .     (no cloak)
rCorr  .         Reflect  .     (no gloves)
SustAt .         Harm     .     (no boots)
MR     .....                    (no amulet)
Stlth  +++.......               (no ring)
                                (no ring)

@: lethally poisoned (4 -> -4), very slightly contaminated, not resistant to
hostile enchantments, fairly stealthy
A: no striking features
a: no special abilities


You were on level 2 of the Dungeon.
You were not hungry.

You visited 1 branch of the dungeon, and saw 2 of its levels.

You collected 67 gold pieces.

Inventory:

Hand Weapons
 a - a +1 dagger (weapon)
Armour
 b - a +1 robe (worn)
Scrolls
 e - 5 scrolls of remove curse {unknown}
 g - a scroll of teleportation {unknown}
 h - 2 scrolls of fear {unknown}
Potions
 j - 2 potions of flight {unknown}
 k - a potion of invisibility {unknown}
Books
 c - a book of Maledictions

   Spells                             Type                      Level
   a - Corona                         Hexes                        1
   b - Ensorcelled Hibernation        Hexes/Ice                    2
   c - Confuse                        Hexes                        3
   d - Tukima's Dance                 Hexes                        3
   e - Dazzling Spray                 Conjuration/Hexes            3
Comestibles
 d - a bread ration
 f - 9 fruits
 i - a beef jerky
 l - a chunk of flesh


   Skills:
 + Level 2.2 Short Blades
 - Level 2.1 Dodging
 * Level 4.0 Stealth
 + Level 3.0 Spellcasting
 * Level 3.5 Hexes
 + Level 0.8 Ice Magic


You had 2 spell levels left.
You knew the following spells:

 Your Spells              Type           Power        Failure   Level  Hunger
a - Corona                Hex            ###....      4%          1    None
b - Ensorcelled Hibernat  Hex/Ice        ##....       12%         2    ##.....
c - Confuse               Hex            ###.....     14%         3    ###....


Dungeon Overview and Level Annotations

Branches:
Dungeon (2/15)

Altars:


Message History

The adder poisons you!
* * * LOW HITPOINT WARNING * * *
You feel sick.
Casting: Ensorcelled Hibernation
Confirm with . or Enter, or press ? or * to list all spells.
Aiming: Ensorcelled Hibernation
Press: ? - help, Shift-Dir - straight line, f/p - adder
Aim: an adder (chance to defeat MR: 50%)
The adder looks drowsy...
* * * LOW HITPOINT WARNING * * *
You feel sick.
Unknown command.
The helpless adder fails to defend itself.
You impale the adder!!
You kill the adder!
Your Stealth skill increases to level 4!
Your Spellcasting skill increases to level 3!
* * * LOW HITPOINT WARNING * * *
You feel sick.
Are you sure you want to abandon this character and quit the game? (Confirm with "yes".)

... #.# ..#######.##
#.#........# #########
#.#........# #........
#.#........# #........
#.#........#####........
#.##....#...............
##.##....########........
#.......@................
##.##....#.######........
#r#######.# #........ #.#
#.# #.###.... #8(..8#
#.############ #.# #####
##.....###......r.r...#
#.# 8.....8
############.# #.#
#.....# #.# #.# #8...8
#.# #.#######


There were no monsters in sight!

Vanquished Creatures
  3 adders (D:2)
  3 dart slugs
  5 bats (D:1)
  A giant cockroach (D:1)
  A goblin (D:2)
  5 hobgoblins
  3 jackals (D:1)
  A quokka (D:2)
  A ball python (D:1)
  2 giant newts
  3 kobolds
  2 rats
30 creatures vanquished.

Notes
Turn   | Place    | Note
--------------------------------------------------------------
     0 | D:1      | mopl the High Elf Enchanter began the quest for the Orb.
     0 | D:1      | Reached XP level 1. HP: 11/11 MP: 4/4
   205 | D:1      | Reached XP level 2. HP: 11/17 MP: 6/6
   221 | D:1      | Learned a level 2 spell: Ensorcelled Hibernation
   743 | D:2      | Reached XP level 3. HP: 5/21 MP: 0/8
   859 | D:2      | Learned a level 3 spell: Confuse
   862 | D:2      | Reached skill level 2 in Short Blades
  1265 | D:2      | Reached skill level 4 in Stealth
  1265 | D:2      | Reached skill level 3 in Spellcasting
  1266 | D:2      | Quit the game

Skill      XL: |  1  2  3 |
---------------+----------+-----
Short Blades   | 2 |  2.2
Stealth        | 4 |  4.0
Spellcasting   | 3 |  3.0
Dodging        | |  2.1
Hexes          | |  3.5
Ice Magic      | |  0.8

Action                   || total
-------------------------++-------
Melee: Dagger            ||    59
 Cast: Corona            ||     3
       Ensorcelled Hiber ||    22
 Stab: Sleeping          ||    22
  Eat: Chunk             ||     2
Armor: Robe              ||    23
Dodge: Dodged            ||    50
